 Dungeon Crawl Stone Soup version 0.29.1-15-g9cfb28693d (webtiles) character file.

Game seed: 4604427323188350708

312 kingofthe the Conjurer (level 6, -4/36 HPs)
             Began as an Octopode Conjurer on Feb 23, 2023.
             Slain by an ogre
             ... wielding a +0 giant spiked club
              (21 damage)
             ... on level 5 of the Dungeon.
             The game lasted 00:14:16 (4350 turns).

kingofthe the Conjurer (Octopode Conjurer)          Turns: 4350, Time: 00:14:16

Health: -4/36      AC:  1    Str:  6    XL:     6   Next: 42%
Magic:  0/11       EV: 14    Int: 20    God:
Gold:   131        SH:  0    Dex: 13    Spells: 9/12 levels left

rFire   . . .      SeeInvis .   a - staff of conjuration {!a!a}
rCold   . . .      Faith    .   (no shield)
rNeg    . . .      Spirit   +   (helmet restricted)
rPois   .          Reflect  .   h - amulet of guardian spirit
rElec   .          Harm     .   (no ring)
rCorr   .          Rampage  .   (no ring)
Will    .....                   (no ring)
Stlth   ++++......              (no ring)
HPRegen 0.12/turn               (no ring)
MPRegen 0.12/turn               (no ring)
                                (no ring)
                                (no ring)

@: about to teleport, weak-willed
A: almost no armour, amphibious, 8 rings, camouflage 1, gelatinous body 1,
(nimble swimmer 1), tentacles
a: no special abilities


You were on level 5 of the Dungeon.
You visited 1 branch of the dungeon, and saw 5 of its levels.

You collected 131 gold pieces.


Innate Abilities, Weirdness & Mutations

You cannot wear most types of armour.
You are amphibious.
You can wear up to eight rings at the same time.
Your skin changes colour to match your surroundings (Stealth+).
Your rubbery body absorbs attacks. (AC +1, EV +1)
((You are camouflaged when in or above water. (Stealth+)))
You have tentacles for arms and can constrict up to eight enemies at once.


   Skills:
 * Level 4.0 Dodging
 + Level 4.4 Stealth
 + Level 3.7 Spellcasting
 + Level 4.9 Conjurations


You had 9 spell levels left.
You knew the following spells:

 Your Spells              Type           Power      Damage    Failure   Level
a - Magic Dart            Conj           100%       1d8       1%          1
b - Searing Ray           Conj           70%        2d7       2%          2

Your spell library contained the following spells:

 Spells                   Type           Power      Damage    Failure   Level
 Dazzling Flash           Conj/Hex       40%        N/A       14%         3
 Fulminant Prism          Conj/Hex       10%        3d9       43%         4
 Iskenderun's Mystic Bla  Conj/Tloc      20%        2d6       43%         4

Inventory:

Hand Weapons
 b - a +4 sling of flaming
 p - a +4 dagger
Missiles
 o - 2 throwing nets {=f=f}
Magical Staves
 a - a staff of conjuration (weapon) {!a!a}
Jewellery
 h - an amulet of guardian spirit (around mantle)
Wands
 i - a wand of charming (7)
 m - a wand of roots (12)
Scrolls
 d - a scroll of noise {unknown}
 e - 5 scrolls of identify {@r1@r1}
 g - a scroll of teleportation {@r2@r2}
 j - a scroll of amnesia {unknown}
 k - 3 scrolls of butterflies
 l - 3 scrolls of vulnerability
 r - a scroll of magic mapping {unknown}
Potions
 c - 2 potions of magic
 f - 4 potions of curing {@q1@q1}
 n - 2 potions of heal wounds {unknown}
 q - a potion of berserk rage {unknown}
 s - a potion of degeneration {unknown}

Dungeon Overview and Level Annotations

Branches:
Dungeon (5/15)
 Temple: D:4-7

Altars:
Fedhas
Makhleb
Okawaru
Wu Jian
Xom
Zin
The Shining One

Shops:
D:1 :   D:2 [   D:3 (

Annotations:
D:4 Natasha

▓#.......
+......(.
▓........
▓........
▓........
+....$...
▓O.......
▓@)......
▓).......
+........
▓........
▓........
▓.......#
#.......#
####..###


You could see an ogre (weak-willed).


Message History

Aiming: Searing Ray (safe; 2% risk of failure)
Press: ? - help, Shift-Dir - straight line, f - gnoll
Aim: a gnoll, wielding a +0 whip (covering ground quickly, 83% to hit)
You feel a surge of power!
The searing ray hits the gnoll.
The gnoll is moderately wounded. (Press . to maintain the ray.)
The gnoll barely misses you. The gnoll closely misses you.
The searing ray hits the gnoll!
You kill the gnoll!
The gnoll hits you with a +0 club.
* * * LOW HITPOINT WARNING * * *
Casting: Searing Ray (safe; 2% risk of failure)
Confirm with . or Enter, or press ? or * to list all spells.
Restarting spell: Searing Ray (safe; 2% risk of failure)
Press: ? - help, Shift-Dir - straight line, f - gnoll
Aim: a gnoll, wielding a +0 club (covering ground quickly, 83% to hit)
You feel a surge of power!
The searing ray hits the gnoll.
The gnoll is moderately wounded. (Press . to maintain the ray.)
The gnoll barely misses you.
The searing ray hits the gnoll!
You kill the gnoll!
Your Dodging skill increases to level 4!
As you read the scroll labelled URUICO VAONNYI, it crumbles to dust.
Magic quickly surges around you.
It was a scroll of vulnerability.
As you read the scroll labelled BUC WIDOMY, it crumbles to dust.
You feel strangely unstable.
It was a scroll of teleportation.
The ogre hits you with a +0 giant spiked club!!
Ouch! That really hurt!
You die...

Skill      XL: |  1  2  3  4  5  6 |
---------------+-------------------+-----
Spellcasting   | 3 |  3.7
Stealth        | 3 4 |  4.4
Dodging        | 3 4 |  4.0
Conjurations   | |  4.9

Action                   |  1- 3 |  4- 6 || total
-------------------------+-------+-------++-------
Melee: Dagger            |    18 |       ||    18
       Constrict         |     6 |       ||     6
       Tentacles         |     5 |       ||     5
 Cast: Magic Dart        |    55 |    73 ||   128
       Searing Ray       |     4 |    16 ||    20
  Use: Scroll            |     3 |     2 ||     5
Dodge: Dodged            |    21 |    19 ||    40

Levels and vault maps discovered:
D:1:      lightli_arrival_boilingwater, layout_loops_cross,
          dreamdust_ecumenical_altar_statues, serial_shops, shop,
          kennysheep_nondescript, chequers_avenue
D:2:      layout_rooms, serial_shops, nicolae_shop_statue_plus, basic_altar,
          minivault_4, uniq_robin, uniq_jessica
D:3:      layout_loops_ring, bloody_makhleb, serial_shops, nicolae_square_shop,
          grunt_decor_resistance
D:4:      layout_rooms, okawaru_ov_weapons_minmay, minitemple,
          cheibrodos_sewer_entry_bend, nicolae_shop_gadgets, uniq_natasha
D:5:      due_chaos_kobolds, layout_cave_pods, mainiacjoe_overflow_24_doors,
          uniq_prince_ribbit1

Notes
Turn   | Place    | Note
-------+----------+-------------------------------------------
     0 | D:1      | kingofthe the Octopode Conjurer began the quest for the
                  | Orb.
     0 | D:1      | Reached XP level 1. HP: 11/11 MP: 3/3
   388 | D:1      | Reached XP level 2. HP: 17/17 MP: 2/5
   441 | D:1      | Learned a level 2 spell: Searing Ray
   707 | D:1      | Reached skill level 3 in Spellcasting
   942 | D:1      | Found a faded altar of an unknown god.
   954 | D:1      | Found Siushor's Book Boutique.
  1028 | D:1      | Reached XP level 3. HP: 21/21 MP: 3/7
  1325 | D:2      | Noticed Robin
  1373 | D:2      | Found a glowing golden altar of the Shining One.
  1539 | D:2      | Killed Robin
  1553 | D:2      | Found Dolan's Armour Shop.
  1945 | D:2      | Reached skill level 3 in Stealth
  1994 | D:2      | Noticed Jessica
  1997 | D:2      | Killed Jessica
  1998 | D:2      | Reached XP level 4. HP: 27/27 MP: 3/8
  2379 | D:2      | You fall into a shaft and drop 2 floors!
  2524 | D:3      | Found a burning altar of Makhleb.
  2569 | D:3      | Found Eraxt's Weapon Shop.
  2874 | D:2      | Reached XP level 5. HP: 31/31 MP: 8/10
  3203 | D:3      | Reached skill level 3 in Dodging
  3812 | D:4      | Reached skill level 4 in Stealth
  3812 | D:4      | Reached XP level 6. HP: 36/36 MP: 5/11
  3924 | D:4      | Noticed Natasha
  3927 | D:4      | Killed Natasha
  4150 | D:4      | Found a blossoming altar of Fedhas.
  4151 | D:4      | Found a glowing silver altar of Zin.
  4157 | D:4      | Found a shimmering altar of Xom.
  4160 | D:4      | Found an ornate altar of the Wu Jian Council.
  4288 | D:4      | Found an iron altar of Okawaru.
  4292 | D:4      | Noticed Natasha
  4344 | D:5      | Entered Level 5 of the Dungeon
  4349 | D:5      | Reached skill level 4 in Dodging
  4350 | D:5      | Slain by an ogre

Vanquished Creatures
  A scorpion (D:4)
  A jelly (D:4)
  Jessica (D:2)
  Natasha (D:4)
  Robin (D:2)
  2 adders
  3 gnolls
  An ufetubus (D:4)
  2 worms (D:4)
  A dart slug (D:4)
  4 orcs (D:3)
  5 endoplasms
  4 giant cockroaches
  16 goblins
  12 hobgoblins
  13 kobolds
  2 quokkas (D:1)
  8 ball pythons
  8 bats
  4 frilled lizards
  3 rats
93 creatures vanquished.

Table legend: (Time is in decaauts)
 A = Elapsed time spent in this place.
 B = Non-inter-level travel time spent in this place.
 C = Inter-level travel time spent in this place.
 D = Time resting spent in this place.
 E = Time spent auto-exploring this place.
 F = Levels seen in this place.
 G = Mean time per level.
                   A        B        C        D        E       F      G
               +--------+--------+--------+--------+--------+-----+--------+
         Total |   4348 |   4043 |    305 |   1348 |   2174 |   5 |  869.6 |
       Dungeon |   4348 |   4043 |    305 |   1348 |   2174 |   5 |  869.6 |
               +--------+--------+--------+--------+--------+-----+--------+

Top non-repeatable levels by time:
     D:1: 1702 daAuts
     D:2: 1074 daAuts
     D:3: 848 daAuts
     D:4: 717 daAuts
     D:5: 5 daAuts

Table legend:
 A = Non-vault XP
 B = Vault XP
 C = Vault XP percentage of total XP
 D = Non-vault monster count
 E = Vault monster count
 F = Vault count percentage of total count
                 A         B        C        D         E       F
            +---------+---------+-------+---------+---------+-------
      Total |     328 |     118 |  26.5 |      77 |      16 |  17.2
            +---------+---------+-------+---------+---------+-------
        D:1 |      36 |       0 |   0.0 |      23 |       0 |   0.0
        D:2 |      36 |      71 |  66.4 |      23 |      13 |  36.1
        D:3 |      44 |       0 |   0.0 |      14 |       0 |   0.0
        D:4 |     183 |      47 |  20.4 |      15 |       3 |  16.7
        D:5 |      29 |       0 |   0.0 |       2 |       0 |   0.0
            +---------+---------+-------+---------+---------+-------
